 Dungeon Crawl Stone Soup version 0.23.2-11-gf996548c65 (webtiles) character file.

Game seed: 15361452852020659655

269 c14n the Skirmisher (level 6, -1/55 HPs)
             Began as a Minotaur Abyssal Knight on June 4, 2019.
             Was a Believer of Lugonu.
             Succumbed to a hornet's poison
             ... on level 4 of the Dungeon.
             The game lasted 00:25:44 (3912 turns).

c14n the Skirmisher (Minotaur Abyssal Knight)       Turns: 3912, Time: 00:25:45

Health: -1/55      AC:  9    Str: 18    XL:     6   Next: 1%
Magic:  6/6        EV:  8    Int:  9    God:    Lugonu [**....]
Gold:   149        SH:  3    Dex: 10    Spells: 5/5 levels left

rFire    . . .     SeeInvis .   a - +1 hand axe
rCold    . . .     Gourm    +   q - +0 buckler
rNeg     . . .     Faith    .   g - +0 chain mail
rPois    .         Spirit   .   (helmet restricted)
rElec    .         Reflect  .   (no cloak)
rCorr    .         Harm     .   (no gloves)
MR       .....                  (no boots)
Stlth    ..........             f - amulet of the gourmand
HPRegen  0.18/turn              m - +1 ring of evasion
MPRegen  0.10/turn              (no ring)

@: lethally poisoned (-1 -> -7), about to teleport, slowed, very slow
A: retaliatory headbutt, horns 2
a: Depart the Abyss, Bend Space, Renounce Religion


You were on level 4 of the Dungeon.
You worshipped Lugonu.
Lugonu was pleased with you.
You were completely stuffed.

You visited 1 branch of the dungeon, and saw 5 of its levels.
You visited the Abyss 1 time.

You collected 149 gold pieces.

Inventory:

Hand Weapons
 a - a +1 hand axe (weapon)
Missiles
 e - 2 javelins of returning (quivered)
 i - 24 bolts
 p - a throwing net
 r - 12 arrows
 t - 8 poisoned needles
Armour
 g - a +0 chain mail (worn)
 q - a +0 buckler (worn)
Jewellery
 f - an amulet of the gourmand (around neck)
 m - a +1 ring of evasion (left hand)
Scrolls
 b - a scroll of teleportation
 d - 2 scrolls of magic mapping {unknown}
 h - a scroll of noise {unknown}
 k - 3 scrolls of enchant weapon {unknown}
 o - 2 scrolls of amnesia {unknown}
 s - a scroll of remove curse {unknown}
Potions
 j - a potion of lignification {unknown}
 l - a potion of haste {unknown}
 u - a potion of might {unknown}
 v - a potion of mutation {unknown}
Comestibles
 c - 7 rations
 w - 3 chunks of flesh


   Skills:
 + Level 4.9 Fighting
 + Level 3.8 Axes
 + Level 3.6 Throwing
 + Level 3.4 Armour
 + Level 1.1 Dodging
 + Level 1.4 Shields
 + Level 1.9 Invocations


You had 5 spell levels left.
You didn't know any spells.
Your spell library was empty.

Dungeon Overview and Level Annotations

Branches:
Dungeon (5/15)
 Temple: D:4-7

Altars:
Ashenzari
Dithmenos
Hepliaklqana
Uskayaw
Yredelemnul

Annotations:
D:4 Edmund


Innate Abilities, Weirdness & Mutations

You reflexively headbutt those who attack you in melee.
You have a pair of horns on your head.


Message History

You closely miss the hornet.
The hornet is moderately wounded.
The hornet barely misses you. The hornet stings you.
You feel as though you will be slow longer.
Okay, then.
You feel better. The hornet stings you!
You feel as though you will be slow longer.
The hornet stings you but does no damage.
You closely miss the hornet. Your headbutt misses the hornet.
The hornet is moderately wounded.
The hornet barely misses you. The hornet stings you!
* * * LOW HITPOINT WARNING * * *
You feel as though you will be slow longer.
The hornet stings you!
* * * LOW HITPOINT WARNING * * *
You are lethally poisoned!
You feel as though you will be slow longer.
As you read the scroll labeled VEOCUUP SIAM, it crumbles to dust.
You feel strangely unstable.
It was a scroll of teleportation.
You die...

.....#.## ##...#.#
##..#.# #(... ..#
###########..#
#............#
#y########.......#
#@# ###...### #>#
...# #.# .... #.#
.#### #.# ##.#
#.#########...#
#......รท..<...#
###########.#.# .#


You could see a hornet.

Vanquished Creatures
  An orc priest (D:3)
  Terence (D:2)
  An orc wizard (D:3)
  A worker ant (D:3)
  4 gnolls
  5 adders
  A worm (D:3)
  2 dart slugs (D:1)
  7 orcs
  A ball python (D:2)
  5 giant cockroaches
  12 goblins
  9 hobgoblins
  4 jackals
  6 kobolds
  A quokka (D:2)
  6 bats
  3 rats
70 creatures vanquished.

Notes
Turn   | Place    | Note
-------+----------+-------------------------------------------
     0 | Abyss:1  | c14n the Minotaur Abyssal Knight began the quest for the
                  | Orb.
     0 | Abyss:1  | Reached XP level 1. HP: 19/19 MP: 1/1
     0 | D:1      | Escaped the Abyss
    86 | D:1      | Reached skill level 4 in Fighting
   258 | D:1      | Reached * piety under Lugonu
   258 | D:1      | Reached XP level 2. HP: 27/27 MP: 2/2
   653 | D:1      | Reached XP level 3. HP: 34/34 MP: 3/3
  1053 | D:2      | Noticed Terence
  1066 | D:2      | Killed Terence
  1066 | D:2      | Reached skill level 1 in Throwing
  1321 | D:2      | Reached XP level 4. HP: 41/41 MP: 4/4
  1499 | D:2      | Reached ** piety under Lugonu
  2296 | D:3      | Reached XP level 5. HP: 43/47 MP: 5/5
  3082 | D:3      | Reached skill level 1 in Shields
  3563 | D:3      | Found a faded altar of an unknown god.
  3725 | D:3      | Found a shadowy altar of Dithmenos.
  3727 | D:3      | Found a hazy altar of Hepliaklqana.
  3736 | D:3      | Found a basalt altar of Yredelemnul.
  3785 | D:3      | Found a hide-covered altar of Uskayaw.
  3785 | D:3      | Found a shattered altar of Ashenzari.
  3826 | D:4      | Noticed Edmund
  3844 | D:4      | Reached XP level 6. HP: 55/55 MP: 6/6
  3866 | D:5      | Entered Level 5 of the Dungeon
  3893 | D:4      | Noticed a hornet
  3911 | D:4      | HP: 1/55 [hornet (13)]
  3912 | D:4      | Succumbed to a hornet's poison

Skill      XL: |  1  2  3  4  5 |
---------------+----------------+-----
Fighting       | 4 |  4.9
Axes           | 3 |  3.8
Throwing       | 1 2 3 |  3.6
Armour         | 3 |  3.4
Shields        | 1 |  1.4
Dodging        | |  1.1
Invocations    | |  1.9

Action                   |  1- 3 |  4- 6 || total
-------------------------+-------+-------++-------
Melee: Hand axe          |    44 |    67 ||   111
       Headbutt          |    10 |    13 ||    23
Throw: Javelin           |    44 |    94 ||   138
Invok: Depart the Abyss  |     1 |       ||     1
       Bend Space        |       |     1 ||     1
  Use: Scroll            |       |     1 ||     1
       Potion            |       |     1 ||     1
  Eat: Chunk             |    13 |    12 ||    25
Armor: Chain mail        |    18 |    43 ||    61
Dodge: Dodged            |    14 |    32 ||    46
Block: Buckler           |       |     8 ||     8
